 Dungeon Crawl Stone Soup version 0.21.1-1-g345015fe64 (webtiles) character file.

65 RUZZLEFAZAZZLE the Shield-Bearer (level 4, -3/41 HPs)
             Began as a Gnoll Fighter on July 8, 2018.
             Slain by an orc
             ... wielding a +0 club
              (6 damage)
             ... on level 2 of the Dungeon.
             The game lasted 00:02:38 (637 turns).

RUZZLEFAZAZZLE the Shield-Bearer (Gnoll Fighter)     Turns: 637, Time: 00:02:38

Health: -3/41      AC:  9    Str: 19    XL:     4   Next: 13%
Magic:  4/5        EV:  8    Int: 11    God:
Gold:   55         SH:  0    Dex: 14    Spells: 5/5 levels left

rFire    . . .     SeeInvis .   a - +0 war axe
rCold    . . .     Gourm    .   c - +0 shield
rNeg     . . .     Faith    .   b - +0 scale mail
rPois    .         Spirit   .   l - +0 helmet
rElec    .         Reflect  .   (no cloak)
rCorr    .         Harm     .   (no gloves)
MR       .....                  (no boots)
Stlth    ..........             (no amulet)
HPRegen  0.13/turn              (no ring)
MPRegen  0.09/turn              (no ring)

@: confused
A: distributed training, fangs 1, strong nose
a: no special abilities


You were on level 2 of the Dungeon.
You were not hungry.

You visited 1 branch of the dungeon, and saw 2 of its levels.

You collected 55 gold pieces.

Inventory:

Hand Weapons
 a - a +0 war axe (weapon)
Armour
 b - a +0 scale mail (worn)
 c - a +0 shield (worn)
 l - a +0 helmet (worn)
Scrolls
 e - a scroll of magic mapping {unknown}
 h - 4 scrolls of identify {unknown}
 i - a scroll of teleportation {unknown}
 k - a scroll of remove curse {unknown}
 n - a scroll of fear {unknown}
Potions
 d - a potion of might
 j - a potion of mutation {unknown}
 m - a potion of agility {unknown}
 o - a potion of curing {unknown}
Comestibles
 f - 3 rations
 g - 2 chunks of flesh


   Skills:
 + Level 6.5 Fighting
 + Level 1.0 Short Blades
 + Level 1.0 Long Blades
 + Level 4.6 Axes
 + Level 1.0 Maces & Flails
 + Level 1.0 Polearms
 + Level 1.0 Staves
 + Level 1.0 Slings
 + Level 1.0 Bows
 + Level 1.0 Crossbows
 + Level 1.0 Throwing
 + Level 6.5 Armour
 + Level 1.0 Dodging
 + Level 1.0 Stealth
 + Level 6.5 Shields
 + Level 1.0 Unarmed Combat
 + Level 1.0 Spellcasting
 + Level 0.7 Conjurations
 + Level 0.7 Hexes
 + Level 0.7 Charms
 + Level 0.7 Summonings
 + Level 0.7 Necromancy
 + Level 0.7 Translocations
 + Level 0.7 Transmutations
 + Level 0.7 Fire Magic
 + Level 0.7 Ice Magic
 + Level 0.7 Air Magic
 + Level 0.7 Earth Magic
 + Level 0.7 Poison Magic
 + Level 1.1 Invocations
 + Level 1.0 Evocations


You had 5 spell levels left.
You didn't know any spells.

Dungeon Overview and Level Annotations

Branches:
Dungeon (2/15)

Altars:


Innate Abilities, Weirdness & Mutations

Your experience applies equally to all skills.
You have very sharp teeth.
Your uncanny sense of smell can sniff out nearby items.


Message History

The jackal bites you. The orc hits you but does no damage.
The orc hits you with a flail of protection.
* * * LOW HITPOINT WARNING * * *
The jackal barely misses you.
You closely miss the orc.
You miss the jackal. x2; You barely miss the orc.
The orc hits you but does no damage. The jackal barely misses you.
The jackal bites you.
* * * LOW HITPOINT WARNING * * *
The orc hits you but does no damage. The orc hits you with a club.
* * * LOW HITPOINT WARNING * * *
The jackal bites you but does no damage.
You completely miss the orc. You barely miss the orc.
You hit the jackal but do no damage.
Your shield and scale mail prevent you from hitting the jackal.
The jackal bites you but does no damage.
The jackal barely misses you. The jackal closely misses you.
The orc hits you with a flail of protection.
* * * LOW HITPOINT WARNING * * *
The orc hits you with a club.
You die...

#..... #.....
##.....
....<..##
#.......#######.
#...............
#......oo.....##
#.....†@h.......
#......)h.#####
#.........##
#......#...#
######.#%..##
#.##...#
#.##.#.####
#.......#..
#####.#.#[#


You could see 2 orcs and 2 jackals.

Vanquished Creatures
  An orc wizard (D:2)
  An ooze (D:1)
  A dart slug (D:2)
  3 leopard geckos (D:1)
  An orc (D:2)
  4 bats
  2 giant cockroaches
  4 goblins
  5 hobgoblins (D:1)
  2 kobolds (D:1)
  3 rats (D:1)
27 creatures vanquished.

Notes
Turn   | Place    | Note
-------+----------+-------------------------------------------
     0 | D:1      | RUZZLEFAZAZZLE the Gnoll Fighter began the quest for the Orb.
     0 | D:1      | Reached XP level 1. HP: 23/23 MP: 1/1
   110 | D:1      | Reached XP level 2. HP: 29/29 MP: 2/2
   237 | D:1      | Reached XP level 3. HP: 27/35 MP: 3/3
   634 | D:2      | Reached skill level 1 in Short Blades
   634 | D:2      | Reached skill level 1 in Long Blades
   634 | D:2      | Reached skill level 1 in Maces & Flails
   634 | D:2      | Reached skill level 1 in Polearms
   634 | D:2      | Reached skill level 1 in Staves
   634 | D:2      | Reached skill level 1 in Slings
   634 | D:2      | Reached skill level 1 in Bows
   634 | D:2      | Reached skill level 1 in Crossbows
   634 | D:2      | Reached skill level 1 in Throwing
   634 | D:2      | Reached skill level 1 in Dodging
   634 | D:2      | Reached skill level 1 in Stealth
   634 | D:2      | Reached skill level 1 in Unarmed Combat
   634 | D:2      | Reached skill level 1 in Spellcasting
   634 | D:2      | Reached skill level 1 in Invocations
   634 | D:2      | Reached skill level 1 in Evocations
   634 | D:2      | Reached XP level 4. HP: 22/41 MP: 3/5
   637 | D:2      | Slain by an orc

Skill      XL: |  1  2  3 |
---------------+----------+-----
Short Blades   | 1 |  1.0
Long Blades    | 1 |  1.0
Maces & Flails | 1 |  1.0
Polearms       | 1 |  1.0
Staves         | 1 |  1.0
Slings         | 1 |  1.0
Bows           | 1 |  1.0
Crossbows      | 1 |  1.0
Throwing       | 1 |  1.0
Dodging        | 1 |  1.0
Stealth        | 1 |  1.0
Unarmed Combat | 1 |  1.0
Spellcasting   | 1 |  1.0
Invocations    | 1 |  1.1
Evocations     | 1 |  1.0
Fighting       | |  6.5
Axes           | |  4.6
Armour         | |  6.5
Shields        | |  6.5
Conjurations   | |  0.7
Hexes          | |  0.7
Charms         | |  0.7
Summonings     | |  0.7
Necromancy     | |  0.7
Translocations | |  0.7
Transmutations | |  0.7
Fire Magic     | |  0.7
Ice Magic      | |  0.7
Air Magic      | |  0.7
Earth Magic    | |  0.7
Poison Magic   | |  0.7

Action                   |  1- 3 |  4- 6 || total
-------------------------+-------+-------++-------
Melee: War axe           |    76 |     3 ||    79
       Bite              |     9 |       ||     9
Armor: Scale mail        |    45 |     5 ||    50
Dodge: Dodged            |    38 |     7 ||    45
Block: Shield            |    53 |       ||    53
